 Dungeon Crawl Stone Soup version 0.31.0-32-g396128a36d (webtiles) character file.

Game seed: 17433563270263830050

129178 nago the Fighter (level 16, 0/127 HPs)
             Began as a Demonspawn Delver on Apr 7, 2024.
             Was a High Priest of Vehumet.
             Slain by a salamander
             ... wielding a +1 trident of protection
              (13 damage)
             ... on level 4 of the Snake Pit on Apr 8, 2024.
             The game lasted 01:01:34 (48283 turns).

nago the Fighter (Demonspawn Delver)               Turns: 48283, Time: 01:01:35

Health: 0/127      AC: 10    Str: 15    XL:     16   Next: 50%
Magic:  14/30      EV: 26    Int: 23    God:    Vehumet [*****.]
Gold:   1333       SH:  5    Dex: 14    Spells: 6/35 levels left

rFire   . . .        b - +2 dagger (elec)
rCold   . . .        I - +0 buckler
rNeg    . . .        V - +3 troll leather armour {Snorg}
rPois   +            m - +0 helmet
rElec   .            X - +1 cloak
rCorr   .            j - +0 pair of gloves
SInv    .            (no boots)
Will    +....        g - amulet of regeneration
Stlth   ++++         k - ring of poison resistance
HPRegen 2.01/turn    E - +5 ring of evasion {=R}
MPRegen 0.22/turn

%: wizardry (x1)
@: mighty, agile, slowed, very slow
A: powered by pain 3, big brain 3, demonic magic 1, weakness stinger 1
a: Renounce Religion


You were on level 4 of the Snake Pit.
You worshipped Vehumet.
Vehumet was extremely pleased with you.
You visited 5 branches of the dungeon, and saw 27 of its levels.
You also visited: Gauntlet.

You collected 2596 gold pieces.
You spent 1263 gold pieces at shops.


Innate Abilities, Weirdness & Mutations

You are powered by pain.
You have an absolutely massive brain. (Int +6, Wiz)
Spells you cast may paralyse adjacent enemies.
You have a small tail.


   Skills:
 - Level 12.0 Fighting
 - Level 6.0 Short Blades
 - Level 5.1 Maces & Flails
 - Level 10.0 Dodging
 - Level 10.0 Stealth
 - Level 6.0 Shields
 - Level 10.0 Spellcasting
 + Level 10.9 Conjurations
 - Level 5.0 Summonings
 + Level 2.9 Translocations
 + Level 10.2 Fire Magic
 - Level 10.0 Air Magic
 - Level 2.0 Alchemy
 + Level 2.7 Evocations


You had 6 spell levels left.
You knew the following spells:

 Your Spells              Type           Power      Damage    Failure   Level
a - Summon Lightning Spi  Summ/Air       46%        N/A       1%          4
c - Arcjolt               Conj/Air       28%        1d38      1%          5
d - Mephitic Cloud        Conj/Alch/Air  46%        N/A       1%          3
i - Swiftness             Air            55%        N/A       1%          3
x - Plasma Beam           Fire/Air       27%        2x1d40    2%          6
z - Airstrike             Air            27%        2d(4-20)  1%          4
B - Blink                 Tloc           50%        N/A       1%          2
X - Mercury Vapours       Alch/Air       78%        N/A       1%          2

Your spell library contained the following spells:

 Spells                   Type           Power      Damage    Failure   Level
 Lee's Rapid Deconstruct  Erth           5%         3d6*      22%         5
 Magic Dart               Conj           100%       1d8       1%          1
 Call Imp                 Summ           68%        N/A       1%          2
 Lesser Beckoning         Tloc           50%        N/A       1%          2
 Searing Ray              Conj           100%       2d8       1%          2
 Static Discharge         Conj/Air       100%       3-8/arc   1%          2
 Hailstorm                Conj/Ice       36%        3d9       1%          3
 Fulminant Prism          Conj/Alch      20%        3d12      1%          4
 Freezing Cloud           Conj/Ice/Air   21%        6-21      1%          5
 Gell's Gravitas          Tloc           25%        N/A       3%          3
 Teleport Other           Tloc           25%        N/A       3%          3
 Summon Ice Beast         Ice/Summ       23%        N/A       4%          3
 Ensorcelled Hibernation  Hex/Ice        22%        N/A       5%          2
 Sublimation of Blood     Necr           11%        N/A       5%          2
 Passwall                 Erth           11%        N/A       11%         3
 Tukima's Dance           Hex            11%        N/A       11%         3
 Passage of Golubria      Tloc           25%        N/A       11%         4
 Yara's Violent Unravell  Hex/Alch       8%         3d5       16%         5
 Summon Forest            Summ/Tloc      14%        N/A       19%         5
 Eringya's Noxious Bog    Alch           10%        4d6       45%         6
 Sculpt Simulacrum        Ice/Alch       8%         N/A       96%         6
 Summon Hydra             Summ           17%        N/A       97%         7

Inventory:

Hand Weapons
 a - a +1 demon whip of venom
 b - a +2 dagger of electrocution (weapon)
Missiles
 y - 17 curare-tipped darts {=f}
Armour
 j - a +0 pair of gloves (worn)
 m - a +0 helmet (worn)
 w - the +2 pair of gloves of Agij {rF++ rC++ Dex-4}
   (You found it on level 5 of the Dungeon)

   Dex-4:     It affects your dexterity (-4).
   rF++:      It greatly protects you from fire.
   rC++:      It greatly protects you from cold.
 D - a +1 hat
 I - a +0 buckler (worn)
 V - a +3 troll leather armour (worn) {Snorg}
 X - a +1 cloak (worn)
Jewellery
 g - an amulet of regeneration (around neck)
 k - a ring of poison resistance (left hand)
 o - a +5 ring of evasion
 p - a ring of magical power
 u - a ring of fire
 E - a +5 ring of evasion (right hand) {=R}
 N - a ring of positive energy
 P - a ring of resist corrosion
Wands
 l - a wand of polymorph (9)
 r - a wand of mindburst (16)
 t - a wand of digging (8)
 C - a wand of iceblast (32)
 R - a wand of light (9)
 U - a wand of charming (21)
Scrolls
 d - 5 scrolls of revelation
 e - 4 scrolls of vulnerability
 f - 3 scrolls of fog
 i - 11 scrolls of identify {@r1}
 n - 3 scrolls of butterflies
 s - 5 scrolls of immolation
 B - 4 scrolls of blinking
 F - a scroll of fear
 G - a scroll of enchant armour
 J - 2 scrolls of poison
 T - 2 scrolls of teleportation {@r4}
Potions
 c - 7 potions of curing {@q1}
 h - 4 potions of heal wounds {@q2}
 q - a potion of magic
 v - 3 potions of attraction
 x - 3 potions of mutation
 A - 4 potions of lignification
 H - a potion of haste {@q3}
 L - 2 potions of berserk rage {!q}
 M - 2 potions of might
 O - 3 potions of ambrosia
 Q - 2 potions of cancellation
 W - 2 potions of enlightenment
 Z - 2 potions of invisibility
Miscellaneous
 z - a lightning rod (4/4)
 Y - a phantom mirror

Dungeon Overview and Level Annotations

Branches:
Dungeon (15/15)            Temple (1/1) D:7            Lair (5/5) D:11
  Swamp (0/4) Lair:2        Snake (4/4) Lair:3        Slime (0/5) Lair:4
    Orc (2/2) D:11            Elf (0/3) Orc:2        Vaults (0/5) D:14
Gauntlet (visited)
 Depths: D:15

Altars:
Ashenzari
Cheibriados
Dithmenos
Fedhas
Gozag
Hepliaklqana
Kikubaaqudgha
Makhleb
Nemelex Xobeh
Okawaru
Qazlal
Ru
Sif Muna
Trog
Uskayaw
Vehumet
Wu Jian
Xom
Yredelemnul
Jiyva
Lugonu

Shops:
D:5 =*   D:10 :   D:11 (   D:12 (   Orc:2 !*(=   Snake:1 :=:   Snake:2 :

Portals:
Abyss: Lair:5
Pandemonium: Orc:2

Annotations:
Lair:4 1 runed translucent door, Juirae's ghost, journeyman TrMo
Snake:4 Agnes

.............▒▒
..............▒▒ .. ▒.
#'########.....▒▒ .. ▒..
..########......▒▒'+▒▒...
..#.#...##...............
.†#.....##........▒▒.....
..#.....##.####+#S...§...
..'.....##.#....#iS......
..#..<.###.#...)@)####...
..###### #...N#S# .#
....# #....#.# #####
######§# ..' ...# .....
###... #.##


You could see Agnes, a salamander, a shock serpent, a guardian serpent and a
black mamba.


Message History

Agnes hits you with a +2 vampiric lajatang!!
* * * LOW HITPOINT WARNING * * *
You focus on the pain.
You feel agile all of a sudden. You block Agnes's attack.
Unknown command.
Unknown command.
Unknown command.
Casting: Arcjolt (mildly dangerous; 1% risk of failure)
Confirm with . or Enter, or press ? or * to list all spells.
Electricity surges outward!
The naga is struck by an electric surge!!
You kill the naga!
Vehumet accepts your kill.
You feel your power returning.
The naga mage is struck by an electric surge!
You kill the naga mage!
Vehumet accepts your kill.
Agnes is struck by an electric surge!
Agnes is heavily wounded.
The salamander is struck by an electric surge!!
The salamander is almost dead.
The guardian serpent is struck by an electric surge!
The guardian serpent is severely wounded.
Malevolent energies surge around you.
You hear a shout! x2
Agnes shouts, "I will kick you around like a rattan ball!"
Agnes misses you. The shock serpent closely misses you.
The salamander hits you with a +1 trident of protection!
You die...

Skill      XL: |  1  2  3  4  5  6  7  8  9 10 11 12 13 14 15 16 |
---------------+-------------------------------------------------+-----
Maces & Flails | 2 3 4 5 |  5.1
Fighting       | 4 5 6 8 9 10 11 12 | 12.0
Spellcasting   | 1 2 3 5 6 7 9 10 | 10.0
Air Magic      | 2 3 4 5 6 7 8 10 | 10.0
Conjurations   | 2 5 8 9 10 | 10.9
Alchemy        | 2 |  2.0
Shields        | 4 6 |  6.0
Dodging        | 4 6 7 9 10 | 10.0
Short Blades   | 3 4 6 |  6.0
Summonings     | 3 4 5 |  5.0
Stealth        | 5 10 | 10.0
Fire Magic     | 6 9 10 | 10.2
Translocations | 2 |  2.9
Evocations     | 2 |  2.7

Action                     |  1- 3 |  4- 6 |  7- 9 | 10-12 | 13-15 | 16-18 || total
---------------------------+-------+-------+-------+-------+-------+-------++-------
  Melee: Mace              |    47 |       |       |       |       |       ||    47
         Morningstar       |    26 |   131 |    84 |    61 |       |       ||   302
         Dagger            |       |   149 |   321 |   266 |   120 |    17 ||   873
         Punch             |       |     2 |     1 |       |       |       ||     3
         Demon whip        |       |       |       |   260 |   149 |       ||   409
         Tailslap          |       |       |       |       |    49 |     1 ||    50
  Throw: Dart              |       |       |     1 |     7 |     1 |       ||     9
   Cast: Swiftness         |       |       |     4 |     2 |       |       ||     6
         Mephitic Cloud    |       |       |    23 |    20 |       |       ||    43
         Airstrike         |       |       |       |   277 |   740 |   134 ||  1151
         Mercury Vapours   |       |       |       |    27 |       |       ||    27
         Summon Lightning  |       |       |       |     9 |    35 |       ||    44
         Plasma Beam       |       |       |       |       |    91 |    25 ||   116
         Arcjolt           |       |       |       |       |    37 |    16 ||    53
  Evoke: Wand              |       |     1 |     6 |     6 |     1 |     1 ||    15
         Phantom mirror    |       |       |       |     1 |     1 |       ||     2
    Use: Potion            |     1 |       |     1 |     6 |     5 |       ||    13
         Scroll            |       |     7 |     2 |    19 |     6 |     2 ||    36
   Stab: Sleeping          |     2 |     6 |     2 |     2 |     1 |       ||    13
         Paralysed         |       |       |    14 |    40 |    58 |    10 ||   122
         Confused          |       |       |     3 |     7 |       |       ||    10
         Distracted        |       |       |       |       |     3 |       ||     3
         Invisible         |       |       |       |       |       |     1 ||     1
 Armour: Leather armour    |    46 |   203 |   249 |       |       |       ||   498
         Steam dragon scal |       |       |    65 |   218 |       |       ||   283
         Troll leather arm |       |       |       |   110 |   264 |    66 ||   440
         Skin              |       |       |       |       |     6 |       ||     6
  Dodge: Dodged            |    53 |   197 |   263 |   531 |   386 |    85 ||  1515
  Block: Buckler           |       |       |    50 |   167 |   116 |    20 ||   353

Levels and vault maps discovered:
D:1:      tarquinn_simple_flora_water_d, layout_loops_ring, minmay_crystal_room,
          minmay_hexomino_r4
D:2:      layout_basic, nicolae_houndstooth_variations
D:3:      layout_basic, elyvilon_altar_3, nemelex_diamond_rough_becter,
          nicolae_ecumenical_pavilion, uniq_jessica
D:4:      layout_cave_pools, serial_column_ruins, column_ruins_hut_ruined,
          column_ruins_corridor_water, column_ruins_grid_3, column_ruins_grid_1,
          column_ruins_open_small, column_ruins_columns_corner,
          gammafunk_ghost_cemetery
D:5:      layout_basic, pdpol_wu_jian_five_deadly_venoms,
          gammafunk_temple_overflow_elements, serial_shops,
          nicolae_shop_statue_plus, shop
D:6:      layout_basic, kennysheep_slug_shrine, uniq_blork_the_orc
D:7:      layout_basic, minmay_temple_entry_fiery, serial_glass,
          glass_columns_a, glass_columns_a, glass_columns_b, glass_columns_a,
          glass_columns_b, glass_columns_a, item_on_display_a,
          due_unseen_surprise, minmay_strange_pillars
D:8:      wander_kiku_kobolds, layout_loops_cross, wad_hexagon, uniq_maggie,
          uniq_amaemon, uniq_erica
D:9:      layout_loops_cross, gammafunk_ghost_necromancy, serial_ice,
          serial_ice_d, serial_ice_f, serial_ice_h, serial_ice_l, serial_ice_b,
          serial_ice_g, uniq_jeremiah
D:10:     layout_loops_cross, mainiacjoe_overflow_tiny_flanked,
          vehumet_altar_wand_db, serial_shops, nicolae_shop_gibbet_a_chance,
          minmay_misc_feat_hallway, onia_ninara_dug_in_and_dangerous
D:11:     layout_loops_cross, lair_entry_dummy, minmay_orc_entry_temple_small,
          serial_shops, nicolae_shop_bloodbath_and_beyond, uniq_josephine,
          uniq_psyche, uniq_snorg, uniq_grum
D:12:     layout_cave_pools, serial_shops, nicolae_stop_n_shop_1, uniq_nergalle,
          uniq_maurice
D:13:     layout_loops_ring, gauntlet_entry_generic
D:14:     layout_stronghold, hellmonk_vaults_keyhole, good_gods_temple_1
D:15:     hangedman_depths_entry_try_elsewhere_first, layout_long_grid,
          minmay_misc_feat_nine_boxes
Temple:   nicolae_temple_great_sept
Lair:1:   layout_regular_city, serial_bayou_shore_a, grunt_megastairs_4,
          uniq_gastronok
Lair:2:   minmay_lair_oklob_chamber, layout_layer_cave, swamp_mist_pool
Lair:3:   layout_regular_city, dummy_snake_entry, basic_altar,
          grunt_megastairs_5
Lair:4:   beast_lair_carwin_large_1, layout_cave_shapes, slime_entry_1,
          ebering_ghost_reflecting_pool, infiniplex_staircase_pool
Lair:5:   hellmonk_lair_end_abyssal_woods, layout_cave_pods,
          infiniplex_staircase_pool_2
Snake:1:  layout_misc_corridors, drop_trap, grunt_ministairs_1, st_stairs_10,
          minmay_shop_grove, uniq_aizul
Snake:2:  layout_chambers, nicolae_custom_books, nicolae_twisty_statue_hallways
Snake:3:  nicolae_snake_attic_fulla_snakes, layout_cave_pods, basic_altar
Snake:4:  johnstein_snake_rune_scales, layout_cave_town,
          statue_in_the_mist_lemuel, lightli_airlock, uniq_mara, uniq_roxanne,
          uniq_agnes
Orc:1:    cheibrodos_orc_arena, layout_diamond_mine
Orc:2:    pf_orc_diabolical, layout_diamond_mine

Notes
Turn   | Place    | Note
-------+----------+-------------------------------------------
     0 | D:5      | nago the Demonspawn Delver began the quest for the Orb.
     0 | D:5      | Reached XP level 1. HP: 18/18 MP: 1/1
    51 | D:5      | Noticed a hound
    67 | D:5      | Killed a hound
    68 | D:5      | Reached skill level 2 in Maces & Flails
    68 | D:5      | Gained mutation: You have an unusually large brain. (Int
                  | +2) [demonic ancestry]
    68 | D:5      | Reached XP level 2. HP: 7/24 MP: 2/2
    68 | D:5      | Gained mutation: Spells you cast may paralyse adjacent
                  | enemies. [demonic ancestry]
    68 | D:5      | Reached XP level 3. HP: 8/29 MP: 3/3
   247 | D:4      | Noticed a kobold brigand
   360 | D:3      | Found a faded altar of an unknown god.
   369 | D:3      | Found a sparkling altar of Nemelex Xobeh.
   398 | D:3      | Reached skill level 4 in Fighting
   468 | D:2      | Reached skill level 3 in Maces & Flails
   608 | D:2      | Reached XP level 4. HP: 35/37 MP: 4/4
  1235 | D:1      | Gained mutation: You sometimes gain a little power by
                  | taking damage. [demonic ancestry]
  1235 | D:1      | Reached XP level 5. HP: 31/43 MP: 5/5
  2501 | D:2      | Reached skill level 1 in Spellcasting
  2591 | D:3      | Reached skill level 4 in Maces & Flails
  2811 | D:3      | Noticed Jessica
  2820 | D:3      | Killed Jessica
  2821 | D:3      | Gained mutation: You have an extremely huge brain. (Int +4)
                  | [demonic ancestry]
  2821 | D:3      | Reached XP level 6. HP: 43/49 MP: 8/8
  2850 | D:3      | Learned a level 3 spell: Swiftness
  3344 | D:4      | Reached skill level 2 in Spellcasting
  3529 | D:4      | Reached skill level 1 in Air Magic
  3620 | D:4      | Found a runed translucent gate.
  3620 | D:4      | Found a runed translucent gate.
  3621 | D:4      | Found a runed translucent gate.
  3624 | D:4      | Noticed nuka's ghost (amateur FeSu)
  3624 | D:4      | Noticed Deimar's ghost (amateur DESu)
  4133 | D:5      | Learned a level 3 spell: Mephitic Cloud
  4220 | D:5      | Identified the +2 pair of gloves of Agij {rF++ rC++ Dex-4}
  4362 | D:5      | Reached skill level 2 in Air Magic
  4362 | D:5      | Reached XP level 7. HP: 41/55 MP: 11/11
  4471 | D:5      | Reached skill level 3 in Spellcasting
  4471 | D:5      | Reached skill level 1 in Conjurations
  4612 | D:5      | Found an ornate altar of the Wu Jian Council.
  4638 | D:5      | Found Nymar's General Store.
  4647 | D:5      | Bought a potion of heal wounds for 55 gold pieces
  4647 | D:5      | Bought a potion of invisibility for 88 gold pieces
  4647 | D:5      | Bought a scroll of identify for 22 gold pieces
  4647 | D:5      | Bought 4 curare-tipped darts for 52 gold pieces
  4679 | D:5      | Reached skill level 5 in Maces & Flails
  4687 | D:5      | Found a stormy altar of Qazlal.
  5237 | D:6      | Reached skill level 5 in Fighting
  5360 | D:6      | Reached skill level 2 in Conjurations
  5437 | D:6      | HP: 3/56 [ogre/+0 giant club (12)]
  5451 | D:6      | Reached skill level 3 in Air Magic
  5451 | D:6      | Reached XP level 8. HP: 33/62 MP: 10/13
  6009 | D:6      | Reached skill level 4 in Spellcasting
  6081 | D:6      | Reached skill level 3 in Conjurations
  6355 | D:6      | Reached skill level 4 in Air Magic
  6516 | D:6      | Noticed Blork the orc
  6531 | D:6      | Killed Blork the orc
  6575 | D:6      | Reached skill level 4 in Conjurations
  6812 | D:6      | Found a snail-covered altar of Cheibriados.
  6827 | D:6      | Reached skill level 5 in Spellcasting
  6832 | D:6      | Reached skill level 5 in Conjurations
  7091 | D:7      | Reached skill level 1 in Alchemy
  7196 | D:7      | Reached skill level 2 in Alchemy
  7196 | D:7      | Reached XP level 9. HP: 63/68 MP: 16/16
  7264 | D:7      | Reached skill level 6 in Conjurations
  7718 | D:7      | Reached skill level 1 in Shields
  7772 | D:7      | Found a staircase to the Ecumenical Temple.
  8153 | D:7      | Reached skill level 2 in Shields
  8265 | Temple   | Entered the Ecumenical Temple
  8461 | D:7      | Reached skill level 7 in Conjurations
  8656 | D:7      | Reached skill level 3 in Shields
  8662 | D:7      | HP: 6/64 [poison]
  8938 | D:8      | Noticed Maggie
  8957 | D:8      | Killed Maggie
  9137 | D:8      | Reached skill level 4 in Shields
  9137 | D:8      | Reached skill level 5 in Air Magic
  9189 | D:8      | Noticed a kobold demonologist
  9451 | D:7      | Killed a kobold demonologist
  9452 | D:7      | Reached skill level 8 in Conjurations
  9452 | D:7      | Reached XP level 10. HP: 74/74 MP: 17/17
  9591 | D:8      | Found an ancient bone altar of Kikubaaqudgha.
  9667 | D:8      | Noticed Erica
  9781 | D:8      | Killed Erica
  9782 | D:8      | Reached skill level 5 in Shields
  9782 | D:8      | Reached skill level 6 in Air Magic
  9864 | D:8      | Noticed an orange demon
  9868 | D:8      | Noticed Amaemon
  9897 | D:7      | Killed Amaemon
  9898 | D:7      | Reached skill level 6 in Shields
  9898 | D:7      | Reached skill level 2 in Dodging
  9974 | D:8      | Killed an orange demon
  9975 | D:8      | Reached skill level 1 in Short Blades
 10151 | D:8      | Found a runed translucent door.
 10156 | D:8      | Noticed a tengu warrior
 10163 | D:8      | Reached skill level 3 in Dodging
 10731 | D:8      | Identified the +0 ring mail "Jiutomub" {Will- rCorr Str+4
                  | Int+4}
 10791 | D:9      | Noticed Jeremiah
 10800 | D:9      | Reached skill level 2 in Short Blades
 10920 | D:9      | Reached skill level 6 in Fighting
 11211 | D:9      | Found a runed translucent gate.
 11212 | D:9      | Found a runed translucent gate.
 11212 | D:9      | Found a runed translucent gate.
 11215 | D:9      | Noticed a spectral centaur warrior
 11215 | D:9      | Noticed Athor's ghost (novice FeFi)
 11326 | D:9      | Reached skill level 4 in Dodging
 11373 | D:9      | Reached skill level 3 in Short Blades
 11391 | D:9      | Gained mutation: You sometimes gain power by taking damage.
                  | [demonic ancestry]
 11391 | D:9      | Reached XP level 11. HP: 78/83 MP: 18/18
 11394 | D:9      | Learned a level 2 spell: Mercury Vapours
 11972 | D:9      | Killed Jeremiah
 11973 | D:9      | Reached skill level 7 in Fighting
 12838 | D:10     | Entered Level 10 of the Dungeon
 12868 | D:10     | Found a radiant altar of Vehumet.
 12881 | D:10     | Became a worshipper of Vehumet
 12901 | D:10     | Found a basalt altar of Yredelemnul.
 13381 | D:10     | Found Xygipluppu's Book Shoppe.
 13389 | D:10     | Bought a book of Storms for 338 gold pieces
 13394 | D:10     | Learned a level 4 spell: Airstrike
 13399 | D:10     | Learned a level 4 spell: Summon Lightning Spire
 13760 | D:11     | Noticed Grum
 13773 | D:10     | Reached skill level 4 in Short Blades
 14004 | D:11     | Reached skill level 5 in Dodging
 14005 | D:11     | Noticed Snorg
 14010 | D:11     | Noticed Psyche
 14155 | D:11     | Reached skill level 1 in Summonings
 14283 | D:11     | Killed Grum
 14287 | D:11     | Reached skill level 2 in Summonings
 14453 | D:11     | Found Sutwiuz's Weapon Boutique.
 14485 | D:11     | Noticed a two-headed ogre
 14492 | D:11     | Killed a two-headed ogre
 14627 | D:11     | Reached * piety under Vehumet
 14627 | D:11     | Offered knowledge of Foxfire by Vehumet.
 15420 | D:11     | Noticed Josephine
 15741 | D:11     | Killed Snorg
 15742 | D:11     | Reached skill level 8 in Fighting
 15742 | D:11     | Reached skill level 3 in Summonings
 15872 | D:11     | Reached skill level 6 in Spellcasting
 16000 | D:11     | Reached skill level 6 in Dodging
 16236 | D:11     | Killed Psyche
 16378 | D:11     | Found a staircase to the Lair.
 16389 | D:11     | Reached skill level 7 in Air Magic
 16606 | D:11     | Found a staircase to the Orcish Mines.
 16857 | D:12     | Noticed a deep elf pyromancer
 16861 | D:12     | Killed a deep elf pyromancer
 16941 | D:12     | Reached XP level 12. HP: 94/94 MP: 13/21
 17065 | D:12     | Found Udeygat's Weapon Emporium.
 17280 | D:12     | Noticed a boulder beetle
 17293 | D:11     | Reached skill level 4 in Summonings
 17409 | D:11     | Killed a boulder beetle
 18019 | D:12     | Noticed Nergalle
 18044 | D:12     | Killed Nergalle
 18280 | D:12     | Noticed Maurice
 18286 | D:12     | Killed Maurice
 18287 | D:12     | Reached skill level 9 in Fighting
 18508 | D:12     | Reached skill level 7 in Dodging
 18508 | D:12     | Reached skill level 7 in Spellcasting
 18794 | D:13     | Found a gate leading to a gauntlet.
 18807 | Gauntlet | Entered a Gauntlet
 18807 | Gauntlet | Found a large runed translucent door.
 18807 | Gauntlet | Found a large runed translucent door.
 18807 | Gauntlet | Found a large runed translucent door.
 18807 | Gauntlet | Found a large runed translucent door.
 18807 | Gauntlet | Found a large runed translucent door.
 18807 | Gauntlet | Found a large runed translucent door.
 18807 | Gauntlet | Found a runed translucent door.
 18807 | Gauntlet | Found a transporter.
 18807 | Gauntlet | Found a transporter.
 18807 | Gauntlet | Found a runed translucent door.
 18807 | Gauntlet | Found a large runed translucent door.
 18807 | Gauntlet | Found a large runed translucent door.
 18807 | Gauntlet | Found a large runed translucent door.
 18807 | Gauntlet | Found a large runed translucent door.
 18807 | Gauntlet | Found a large runed translucent door.
 18807 | Gauntlet | Found a large runed translucent door.
 18811 | Gauntlet | Found a transporter.
 18811 | Gauntlet | Found a transporter.
 18812 | Gauntlet | Found a large runed translucent door.
 18812 | Gauntlet | Found a large runed translucent door.
 18812 | Gauntlet | Found a large runed translucent door.
 18812 | Gauntlet | Found a large runed translucent door.
 18816 | Gauntlet | Found a runed translucent gate.
 18816 | Gauntlet | Found a runed translucent gate.
 18816 | Gauntlet | Found a runed translucent gate.
 18821 | Gauntlet | Found a transporter.
 18831 | Gauntlet | Found a transporter.
 18831 | Gauntlet | Found a transporter.
 18834 | Gauntlet | Found a transporter.
 18861 | Gauntlet | Found a transporter.
 18868 | Gauntlet | Found a transporter.
 18886 | Gauntlet | Found a transporter.
 18908 | Gauntlet | Found a transporter.
 18953 | Gauntlet | Found a transporter.
 18969 | Gauntlet | Found a transporter.
 19069 | Gauntlet | Found a transporter.
 19087 | Gauntlet | Found a transporter.
 19771 | Gauntlet | Offered knowledge of Momentum Strike by Vehumet.
 19772 | Gauntlet | Reached skill level 8 in Air Magic
 19970 | Gauntlet | Noticed a minotaur
 19987 | Gauntlet | Killed a minotaur
 20116 | Gauntlet | Identified the staff of the Growing Gods {rC+ rN+ Str+3
                  | Int-3 Dex+4 Earth}
 20747 | D:10     | HP: 5/90 [something (11)]
 20749 | D:10     | Killed Josephine
 20903 | Lair:1   | Entered Level 1 of the Lair of Beasts
 20998 | Lair:1   | Reached ** piety under Vehumet
 21375 | Lair:1   | Noticed Gastronok
 21834 | Lair:1   | Gained mutation: You have a small tail. [demonic ancestry]
 21834 | Lair:1   | Reached XP level 13. HP: 101/103 MP: 13/24
 21950 | Lair:1   | Reached skill level 8 in Spellcasting
 22051 | Lair:1   | Reached skill level 8 in Dodging
 22126 | Lair:1   | Reached skill level 10 in Fighting
 23406 | Lair:2   | Offered knowledge of Frozen Ramparts by Vehumet.
 23407 | Lair:2   | Reached skill level 9 in Air Magic
 23546 | Lair:2   | Found a staircase to the Swamp.
 24926 | Lair:3   | Reached *** piety under Vehumet
 25110 | Lair:3   | Found a broken altar of Ashenzari.
 25296 | Lair:3   | Found a staircase to the Snake Pit.
 25513 | Lair:3   | Reached skill level 9 in Dodging
 25530 | Lair:3   | Reached skill level 9 in Spellcasting
 25737 | Lair:3   | Offered knowledge of Iskenderun's Mystic Blast by Vehumet.
 26892 | Lair:4   | Reached skill level 10 in Air Magic
 27236 | Lair:4   | Reached **** piety under Vehumet
 27411 | Lair:4   | Reached skill level 5 in Stealth
 27539 | Lair:4   | Found a staircase to the Slime Pits.
 27617 | Lair:4   | Found a viscous altar of Jiyva.
 27759 | Lair:4   | Offered knowledge of Fulminant Prism by Vehumet.
 27983 | Lair:4   | Identified a scroll of acquirement
 27997 | Lair:3   | Acquired a staff of conjuration
 28181 | Lair:3   | Reached XP level 14. HP: 85/110 MP: 1/27
 28397 | Lair:4   | Reached skill level 5 in Summonings
 28514 | Lair:4   | Found a runed translucent door.
 28515 | Lair:4   | Noticed Juirae's ghost (journeyman TrMo)
 28582 | Lair:4   | Reached skill level 10 in Dodging
 28590 | Lair:4   | Reached skill level 6 in Stealth
 28590 | Lair:4   | Reached skill level 10 in Spellcasting
 28840 | Lair:5   | Entered Level 5 of the Lair of Beasts
 29206 | Lair:5   | Reached skill level 7 in Stealth
 29630 | Lair:5   | Reached skill level 8 in Stealth
 30203 | Lair:5   | Reached skill level 9 in Stealth
 30209 | Lair:5   | Reached ***** piety under Vehumet
 30236 | Lair:5   | Offered knowledge of Plasma Beam by Vehumet.
 30422 | Lair:5   | Learned a level 6 spell: Plasma Beam
 30683 | Lair:5   | Reached skill level 1 in Fire Magic
 30818 | Lair:5   | Reached skill level 10 in Stealth
 30820 | Lair:5   | Reached skill level 2 in Fire Magic
 31213 | Lair:5   | Reached skill level 3 in Fire Magic
 31594 | Lair:5   | Reached skill level 4 in Fire Magic
 32253 | Lair:5   | Reached skill level 5 in Fire Magic
 32668 | Lair:5   | Identified the +0 falchion "Yfal" {freeze, rN+ Str+2 Int+2}
 32709 | Lair:5   | Reached skill level 6 in Fire Magic
 32811 | Lair:5   | Found a corrupted altar of Lugonu.
 32815 | Lair:5   | Found a one-way gate to the infinite horrors of the Abyss.
 33450 | D:13     | Gained mutation: You are powered by pain. [demonic
                  | ancestry]
 33450 | D:13     | Reached XP level 15. HP: 115/115 MP: 23/29
 33624 | D:13     | Reached skill level 7 in Fire Magic
 35138 | D:14     | Offered knowledge of Arcjolt by Vehumet.
 35284 | D:14     | Learned a level 5 spell: Arcjolt
 35304 | D:15     | Entered Level 15 of the Dungeon
 36340 | D:14     | Found a gate to the Vaults.
 36677 | Orc:1    | Entered Level 1 of the Orcish Mines
 36780 | Orc:2    | Entered Level 2 of the Orcish Mines
 36826 | Orc:2    | Reached skill level 5 in Short Blades
 37805 | Orc:2    | Found a staircase to the Elven Halls.
 38084 | Orc:2    | Reached skill level 8 in Fire Magic
 39158 | Orc:2    | Offered knowledge of Irradiate by Vehumet.
 40318 | Orc:1    | Reached skill level 11 in Fighting
 40505 | Orc:2    | Found Yttas's General Store.
 40508 | Orc:2    | Found Mauhohol's Distillery.
 40576 | Orc:2    | Paralysed by an orc sorcerer for 5 turns
 40603 | Orc:2    | Reached skill level 9 in Conjurations
 40758 | Orc:2    | Reached skill level 6 in Short Blades
 40998 | Orc:2    | Bought a potion of heal wounds for 70 gold pieces
 41000 | Orc:2    | Bought a potion of heal wounds for 55 gold pieces
 41000 | Orc:2    | Bought a potion of heal wounds for 55 gold pieces
 41390 | Orc:2    | Paralysed by an orc sorcerer for 4 turns
 41678 | Orc:2    | Found Jezaep's Antique Weapon Boutique.
 41678 | Orc:2    | Found Eqesch's Jewellery Shop.
 41709 | Orc:2    | Found a one-way gate leading to the halls of Pandemonium.
 42017 | Lair:1   | Killed Gastronok
 42357 | D:4      | Killed Deimar's ghost
 42357 | D:4      | Killed nuka's ghost
 42714 | D:9      | Killed Athor's ghost
 42716 | D:9      | Reached skill level 9 in Fire Magic
 42935 | Snake:1  | Entered Level 1 of the Snake Pit
 42935 | Snake:1  | Identified the serpent talisman of the Furies {rElec Dex+2}
 42935 | Snake:1  | Noticed Aizul
 43078 | Lair:3   | HP: 8/119 [poisoned by Aizul (bolt of poison)]
 43080 | Lair:3   | HP: 3/119 [poisoned by Aizul (bolt of poison)]
 43085 | Lair:3   | HP: 3/119 [poisoned by Aizul (bolt of poison)]
 43090 | Lair:3   | HP: 8/119 [poisoned by Aizul (bolt of poison)]
 43162 | Lair:3   | Killed Aizul
 43239 | Snake:1  | Gained mutation: You have an absolutely massive brain. (Int
                  | +6, Wiz) [demonic ancestry]
 43239 | Snake:1  | Reached XP level 16. HP: 102/127 MP: 21/30
 43241 | Snake:1  | Offered knowledge of Lee's Rapid Deconstruction by Vehumet.
 43434 | Snake:1  | Reached skill level 10 in Conjurations
 43803 | Snake:1  | Reached skill level 12 in Fighting
 43983 | Snake:1  | Found Otanugav's Book Shoppe.
 43983 | Snake:1  | Found Zisuow's Jewellery Boutique.
 43985 | Snake:1  | Found Qafrow's Book Shoppe.
 43991 | Snake:1  | Bought a book of Minor Magic for 288 gold pieces
 44002 | Snake:1  | Bought a ring of poison resistance for 240 gold pieces
 44693 | Snake:2  | Found Geibb's Self-Published Books.
 44704 | Snake:2  | Learned a level 2 spell: Blink
 45049 | Snake:2  | Reached skill level 1 in Translocations
 45465 | Snake:2  | You fall into a shaft and drop 1 floor!
 45678 | Snake:2  | Reached skill level 1 in Evocations
 45878 | Snake:2  | Reached skill level 2 in Translocations
 46764 | Snake:3  | Reached skill level 10 in Fire Magic
 46819 | Snake:3  | Reached skill level 2 in Evocations
 47262 | Snake:3  | Found a hazy altar of Hepliaklqana.
 47805 | Snake:3  | Identified a +2 robe of resistance
 48156 | Snake:4  | Entered Level 4 of the Snake Pit
 48277 | Snake:4  | Noticed Agnes
 48282 | Snake:4  | HP: 10/127 [Agnes/+2 vampiric lajatang (31)]
 48283 | Snake:4  | Slain by a salamander

Vanquished Creatures
  Gastronok (Lair:1)
  Aizul (Lair:3)
  A minotaur (Gauntlet)
  Josephine (D:10)
  An ettin (Orc:2)
  A hydra (D:13)
  9 two-headed ogres
  Erica (D:8)
  2 anacondas
  A salamander tyrant (Snake:3)
  2 demonspawn (Orc:2)
  An ironbound frostheart (D:14)
  An ogre mage (Orc:2)
  A centaur warrior (D:14)
  A catoblepas (Lair:1)
  2 boulder beetles
  11 death yaks
  A tengu warrior (D:8)
  5 naga sharpshooters
  4 naga warriors
  3 orc high priests
  3 thrashing horrors (Lair:5)
  3 shock serpents
  Nergalle (D:12)
  Amaemon (D:7)
  The ghost of Athor the Covert, a novice FeFi (D:9)
  2 skysharks
  3 skeletal warriors (D:14)
  4 mana vipers
  7 orc knights
  A harpy (shapeshifter) (Lair:5)
  2 deep elf pyromancers
  3 oklob plants (Lair:2)
  2 lightning spires (Gauntlet)
  9 orc sorcerers (Orc:2)
  5 ugly things
  A cyclops (D:11)
  3 large abominations (Lair:5)
  7 elephants (Lair:5)
  8 salamanders
  22 black mambas
  A spectral centaur (D:9)
  2 manticores
  4 guardian serpents
  Maurice (D:12)
  2 rust devils
  2 gargoyles
  8 naga magi
  An orange demon (D:8)
  A smoke demon (Lair:5)
  2 centaur zombies (D:9)
  Maggie (D:8)
  Jeremiah (D:9)
  13 cane toads
  3 torpor snails
  3 rime drakes
  A freezing wraith (D:8)
  11 komodo dragons
  An efreet (D:15)
  An unseen horror (D:13)
  A kobold demonologist (D:7)
  Psyche (D:11)
  A troll (shapeshifter) (Lair:5)
  A hellwing (Orc:2)
  5 polar bears
  8 trolls
  2 nameless horrors
  A hornet (shapeshifter) (D:14)
  28 blink frogs
  3 raiju
  17 slime creatures
  The ghost of Deimar the Caller, an amateur DESu (D:4)
  A spriggan (Lair:5)
  37 yaks
  8 wraiths (D:11)
  2 humans (D:14)
  3 fire bats (Gauntlet)
  5 wyverns
  An unseen horror simulacrum (D:9)
  2 wargs (Orc:2)
  3 basilisks
  A steam dragon (D:8)
  Grum (D:11)
  A neqoxec (Orc:2)
  2 chaos spawn
  11 vampire mosquitoes
  10 small abominations (Lair:5)
  15 water moccasins
  13 nagas
  2 acid dragons
  The ghost of nuka the Caller, an amateur FeSu (D:4)
  34 orc warriors
  3 ice beasts
  3 black bears
  23 wolves
  8 centaurs
  7 ogres
  8 kobold brigands
  Blork the orc (D:6)
  15 bullfrogs
  A gnoll sergeant (D:11)
  2 scorpions
  8 wights
  23 killer bees
  3 howler monkeys (D:13)
  4 electric eels
  2 jellies
  6 hounds
  24 orc priests
  Jessica (D:3)
  An iguana (D:7)
  24 orc wizards
  2 centaur simulacra (D:9)
  8 gnolls
  11 adders
  3 shadow imps
  4 white imps
  An ufetubus (D:9)
  A ribbon worm (D:2)
  2 dart slugs
  98 orcs
  9 endoplasms
  5 giant cockroaches
  9 goblins
  7 hobgoblins
  12 jackals
  34 kobolds
  3 quokkas
  7 ball pythons
  8 bats
  6 frilled lizards
  10 kobold skeletons (D:8)
  8 kobold zombies (D:8)
  6 rats
841 creatures vanquished.

Vanquished Creatures (collateral kills)
  Snorg (D:11)
  An entropy weaver (shapeshifter) (Lair:5)
  3 death yaks
  A fire crab (Gauntlet)
  An elephant (Lair:5)
  7 blink frogs
  6 yaks
  A basilisk (Lair:5)
  2 chaos spawn
  A water moccasin (Lair:1)
24 creatures vanquished.

Vanquished Creatures (others)
  2 orcs
2 creatures vanquished.

Grand Total: 867 creatures vanquished

Table legend: (Time is in decaauts)
 A = Elapsed time spent in this place.
 B = Non-inter-level travel time spent in this place.
 C = Inter-level travel time spent in this place.
 D = Time resting spent in this place.
 E = Time spent auto-exploring this place.
 F = Levels seen in this place.
 G = Mean time per level.
                   A        B        C        D        E       F      G
               +--------+--------+--------+--------+--------+-----+--------+
         Total |  48384 |  45259 |   3125 |   2456 |  35430 |  28 | 1728.0 |
       Dungeon |  23833 |  21651 |   2182 |    889 |  16444 |  15 | 1588.9 |
        Temple |     52 |     52 |      0 |      0 |     51 |   1 |   52.0 |
          Lair |  13412 |  12745 |    667 |    207 |  10958 |   5 | 2682.4 |
     Snake Pit |   4551 |   4394 |    157 |    351 |   3556 |   4 | 1137.8 |
  Orcish Mines |   5187 |   5069 |    118 |    742 |   3672 |   2 | 2593.5 |
      Gauntlet |   1346 |   1346 |      0 |    267 |    749 |   1 | 1346.0 |
               +--------+--------+--------+--------+--------+-----+--------+

Top non-repeatable levels by time:
  Lair:5: 4198 daAuts
    D:11: 3876 daAuts
  Lair:3: 3441 daAuts
   Orc:2: 3246 daAuts
  Lair:1: 2294 daAuts
    D:14: 2239 daAuts
     D:8: 2172 daAuts
     D:7: 2114 daAuts
  Lair:2: 2044 daAuts
     D:6: 1960 daAuts
   Orc:1: 1940 daAuts
 Snake:2: 1916 daAuts
     D:5: 1770 daAuts
     D:9: 1745 daAuts
 Snake:3: 1448 daAuts

Table legend:
 A = Non-vault XP
 B = Vault XP
 C = Vault XP percentage of total XP
 D = Non-vault monster count
 E = Vault monster count
 F = Vault count percentage of total count
                 A         B        C        D         E       F
            +---------+---------+-------+---------+---------+-------
      Total |  120815 |   64350 |  34.8 |     585 |     278 |  32.2
            +---------+---------+-------+---------+---------+-------
        D:1 |      45 |       3 |   6.2 |      26 |       3 |  10.3
        D:2 |     145 |       0 |   0.0 |      33 |       0 |   0.0
        D:3 |     104 |      37 |  26.2 |      22 |       1 |   4.3
        D:4 |     161 |     364 |  69.3 |      15 |       2 |  11.8
        D:5 |     561 |       0 |   0.0 |      11 |       0 |   0.0
        D:6 |    1359 |      94 |   6.5 |      24 |       2 |   7.7
        D:7 |    1543 |    1323 |  46.2 |      30 |      11 |  26.8
        D:8 |    1212 |    3688 |  75.3 |      25 |      51 |  67.1
        D:9 |    1981 |    3882 |  66.2 |      17 |      17 |  50.0
       D:10 |     566 |    1249 |  68.8 |      14 |       5 |  26.3
       D:11 |    8063 |    3054 |  27.5 |      36 |      23 |  39.0
       D:12 |    2789 |    1247 |  30.9 |      11 |       2 |  15.4
       D:13 |    3989 |       0 |   0.0 |      12 |       0 |   0.0
       D:14 |    9679 |    1233 |  11.3 |      22 |       3 |  12.0
       D:15 |     356 |       0 |   0.0 |       1 |       0 |   0.0
     Lair:1 |    5350 |    3202 |  37.4 |      27 |       8 |  22.9
     Lair:2 |    3275 |    3262 |  49.9 |      12 |       7 |  36.8
     Lair:3 |   11211 |    3648 |  24.6 |      38 |       6 |  13.6
     Lair:4 |    8799 |    3239 |  26.9 |      28 |       7 |  20.0
     Lair:5 |   17427 |   13661 |  43.9 |      50 |      44 |  46.8
    Snake:1 |   10781 |     894 |   7.7 |      22 |       2 |   8.3
    Snake:2 |    8610 |       0 |   0.0 |      15 |       0 |   0.0
    Snake:3 |    9221 |       0 |   0.0 |      19 |       0 |   0.0
    Snake:4 |    2100 |       0 |   0.0 |       5 |       0 |   0.0
      Orc:1 |    2987 |    1985 |  39.9 |      32 |      16 |  33.3
      Orc:2 |    8501 |   14283 |  62.7 |      38 |      59 |  60.8
   Gauntlet |       0 |    4002 | 100.0 |       0 |       9 | 100.0
            +---------+---------+-------+---------+---------+-------
